 Dungeon Crawl Stone Soup version 0.27.0-1-g7a089689b8 (webtiles) character file.

Game seed: 9535507125569059898

82 sanka the Skirmisher (level 4, -4/45 HPs)
             Began as an Ogre Enchanter on Aug 13, 2021.
             Slain by an orc (5 damage)
             ... on level 3 of the Dungeon.
             The game lasted 00:02:31 (2117 turns).

sanka the Skirmisher (Ogre Enchanter)               Turns: 2117, Time: 00:02:32

Health: -4/45      AC:  3    Str: 13    XL:     4   Next: 43%
Magic:  0/7        EV:  9    Int: 22    God:
Gold:   95         SH:  0    Dex:  9    Spells: 6/7 levels left

rFire    . . .     SeeInvis .   p - +0 triple sword
rCold    . . .     Faith    .   (shield currently unavailable)
rNeg     . . .     Spirit   +   b - +0 robe
rPois    .         Reflect  .   (helmet restricted)
rElec    .         Harm     .   (no cloak)
rCorr    .         Rampage  .   (gloves unavailable)
Will     .....                  (boots unavailable)
Stlth    ++........             e - amulet of guardian spirit
HPRegen  0.15/turn              (no ring)
MPRegen  0.10/turn              l - +6 ring of intelligence

@: no status effects
A: large, unfitting armour, tough skin 1
a: no special abilities


You were on level 3 of the Dungeon.
You visited 1 branch of the dungeon, and saw 3 of its levels.

You collected 95 gold pieces.


Innate Abilities, Weirdness & Mutations

You are too large for most types of armour.
You have tough skin. (AC +1)


   Skills:
 + Level 3.2 Fighting
 - Level 0.8 Short Blades
 + Level 2.1 Maces & Flails
 + Level 1.4 Throwing
 - Level 1.7 Dodging
 - Level 2.1 Stealth
 - Level 2.4 Spellcasting
 - Level 2.6 Hexes


You had 6 spell levels left.
You knew the following spells:

 Your Spells              Type           Power      Damage    Failure   Level
Z - Corona                Hex            15%        N/A       4%          1

Your spell library contained the following spells:

 Spells                   Type           Power      Damage    Failure   Level
 Ensorcelled Hibernation  Hex/Ice        16%        N/A       12%         2
 Confusing Touch          Hex            14%        N/A       13%         3
 Tukima's Dance           Hex            14%        N/A       13%         3
 Dazzling Flash           Conj/Hex       16%        N/A       22%         3

Inventory:

Hand Weapons
 a - a +1 dagger
 n - a +0 mace
 p - a +0 triple sword (weapon)
Missiles
 j - 10 javelins
 k - 10 poisoned darts
Armour
 b - a +0 robe (worn)
Magical Staves
 i - a staff of cold
Jewellery
 e - an amulet of guardian spirit (around neck)
 l - a +6 ring of intelligence (right hand)
Scrolls
 d - a scroll of acquirement {unknown}
 f - a scroll of teleportation {unknown}
 m - a scroll of identify {unknown}
 o - a scroll of magic mapping {unknown}
Potions
 c - a potion of resistance {unknown}
 g - a potion of brilliance {unknown}
 h - a potion of curing {unknown}

Dungeon Overview and Level Annotations

Branches:
Dungeon (3/15)

Altars:

Shops:
D:3 *

Annotations:
D:2 1 runed translucent door, Crazy Yiuf

▒.. ▒.▒ ▒.▒
▒.▒ ▒▒▒.▒
▒.▒▒▒▒▒▒.▒.▒
▒.....)....▒
▒▒▒▒▒▒▒▒)▒<▒
▒O▒.▒▒
▒▒o▒..▒
▒.....▒
▒..▒▒.▒
▒.).......
..)....▒▒▒▒
▒.▒▒∩....▒ ▒
▒▒......
...▒▒▒▒▒


You could see an orc.


Message History

The orc hits you with a +0 flail.
* * * LOW HITPOINT WARNING * * *
The orc closely misses you.
You riposte.
You closely miss the orc.
The orc is heavily wounded.
You closely miss the orc.
The orc is heavily wounded.
The orc barely misses you. The orc barely misses you.
You hit the orc but do no damage.
The orc is heavily wounded.
The orc barely misses you.
You hit the orc.
The orc is almost dead.
The orc hits you with a +0 flail.
* * * LOW HITPOINT WARNING * * *
The orc hits you with a +0 flail.
* * * LOW HITPOINT WARNING * * *
You barely miss the orc.
The orc is almost dead.
The orc hits you with a +0 flail.
* * * LOW HITPOINT WARNING * * *
The orc misses you.
You completely miss the orc.
The orc is severely wounded.
The orc hits you with a +0 flail.
* * * LOW HITPOINT WARNING * * *
The orc hits you with a +0 flail.
You die...

Action                   |  1- 3 |  4- 6 || total
-------------------------+-------+-------++-------
Melee: Dagger            |    80 |       ||    80
       Mace              |    36 |       ||    36
       Triple sword      |     3 |    19 ||    22
 Stab: Sleeping          |     5 |       ||     5
Armor: Robe              |    54 |     5 ||    59
Dodge: Dodged            |    64 |    17 ||    81
       Rpst.: Triple sword |     3 |     5 ||     8

Levels and vault maps discovered:
D:1:      amcnicky_arrival_abandoned_market, layout_basic,
          hellmonk_ecumenical_altar_heavens_door, minivault_26,
          minmay_small_reverse_x
D:2:      layout_basic, uniq_crazy_yiuf_cottage
D:3:      layout_loops_ring, mainiacjoe_overflow_cross_hatched, serial_shops,
          nicolae_diamond_shop, shop, nicolae_diamond_shop, shop,
          hangedman_abyss_or_decor_stabs

Notes
Turn   | Place    | Note
-------+----------+-------------------------------------------
     0 | D:1      | sanka the Ogre Enchanter began the quest for the Orb.
     0 | D:1      | Reached XP level 1. HP: 16/16 MP: 3/3
    78 | D:1      | Reached skill level 1 in Fighting
   102 | D:1      | Reached XP level 2. HP: 24/27 MP: 5/5
   156 | D:1      | Found a faded altar of an unknown god.
   289 | D:1      | Reached skill level 1 in Maces & Flails
   745 | D:1      | Reached skill level 2 in Fighting
  1030 | D:2      | Reached XP level 3. HP: 35/35 MP: 6/6
  1151 | D:2      | Found a runed translucent door.
  1152 | D:2      | Noticed Crazy Yiuf
  1375 | D:2      | HP: 3/36 [poisoned by an adder]
  2049 | D:3      | Reached skill level 1 in Throwing
  2086 | D:3      | Found Guibloes's General Store.
  2092 | D:3      | Reached skill level 3 in Fighting
  2092 | D:3      | Reached skill level 2 in Maces & Flails
  2092 | D:3      | Reached XP level 4. HP: 45/45 MP: 7/7
  2116 | D:3      | HP: 4/45 [orc (3)]
  2117 | D:3      | HP: 1/45 [orc (3)]
  2117 | D:3      | Slain by an orc

Vanquished Creatures
  An orc wizard (D:3)
  2 adders (D:2)
  A dart slug (D:2)
  3 orcs (D:3)
  3 bats (D:1)
  2 endoplasms (D:2)
  A giant cockroach (D:1)
  4 goblins
  6 hobgoblins
  5 ball pythons
  A frilled lizard (D:1)
  A kobold (D:1)
  5 rats
35 creatures vanquished.
